 Dungeon Crawl Stone Soup version 0.31-a0-799-g6bc09d010c (webtiles) character file.

Game seed: 7295613596558034824

109 Maratek the Poker (level 4, -9/31 HPs)
             Began as an Octopode Fighter on Sept 19, 2023.
             Killed from afar by Ijyb (11 damage)
             ... with a bolt of acid
             ... on level 3 of the Dungeon.
             The game lasted 00:02:30 (2150 turns).

Maratek the Poker (Octopode Fighter)                Turns: 2150, Time: 00:02:31

Health: -9/31      AC:  3    Str: 17    XL:     4   Next: 90%
Magic:  4/4        EV: 13    Int: 10    God:
Gold:   108        SH:  4    Dex: 11    Spells: 3/3 levels left

rFire   . . .        t - +1 trident (heavy)
rCold   . . .        b - +0 buckler
rNeg    . . .        s - +2 hat
rPois   .            (no amulet)
rElec   .            p - ring of flight
rCorr   .            (no ring)
SInv    .            (no ring)
Will    .....        (no ring)
Stlth   +++          (no ring)
HPRegen 0.25/turn    (no ring)
MPRegen 0.09/turn    (no ring)
                     (no ring)

%: no passive effects
@: flying
A: almost no armour, amphibious, 8 rings, camouflage 1, gelatinous body 1,
(nimble swimmer 1), tentacles
a: no special abilities


You were on level 3 of the Dungeon.
You visited 1 branch of the dungeon, and saw 3 of its levels.

You collected 108 gold pieces.

Inventory:

Hand Weapons
 t - a +1 heavy trident (weapon)
Armour
 b - a +0 buckler (worn)
 s - a +2 hat (worn)
Jewellery
 p - a ring of flight (left tentacle)
Scrolls
 d - a scroll of blinking {unknown}
 e - 2 scrolls of enchant armour {unknown}
 g - 6 scrolls of identify {unknown}
 j - a scroll of noise {unknown}
 l - a scroll of fear {unknown}
 n - a scroll of torment {unknown}
 q - a scroll of teleportation {unknown}
 r - a scroll of poison {unknown}
Potions
 c - 2 potions of might
 f - a potion of resistance {unknown}
 h - 6 potions of curing {unknown}
 i - 3 potions of attraction {unknown}
 k - a potion of haste {unknown}
 m - a potion of brilliance {unknown}
 o - a potion of lignification {unknown}


   Skills:
 + Level 3.5 Fighting
 + Level 3.6 Polearms
 + Level 3.3 Dodging
 + Level 1.9 Stealth
 + Level 3.3 Shields


You had 3 spell levels left.
You didn't know any spells.
Your spell library was empty.

Dungeon Overview and Level Annotations

Branches:
Dungeon (3/15)

Altars:
Gozag

Annotations:
D:3 Ijyb


Innate Abilities, Weirdness & Mutations

You cannot wear most types of armour.
You are amphibious.
You can wear up to eight rings at the same time.
Your skin changes colour to match your surroundings (Stealth+).
Your rubbery body absorbs attacks. (AC +1, EV +1)
((You are camouflaged when in or above water. (Stealth+)))
You have tentacles for arms and can constrict up to eight enemies at once.


Message History

There is an open door here.
A worm comes into view.
You puncture the worm! You grab the worm. You squeeze the worm!
The worm is almost dead.
You constrict the worm.
You kill the worm!
No target in view!
Found a stone staircase leading down.
A quokka comes into view.
Found a scroll labelled HAIHOBLIVVUU.
A quokka is nearby!
A quokka is nearby!
You reach to attack!
The helpless quokka fails to defend itself.
You puncture the quokka!
You kill the quokka!
No target in view!
No target in view!
g - 6 scrolls labelled HAIHOBLIVVUU (gained 1)
A ball python comes into view.
A ball python is nearby!
A ball python is nearby!
Ijyb the Twisted Goblin comes into view.
She is wielding a +0 dagger and carrying a wand of acid.
You puncture the ball python!
You kill the ball python!
Found 5 stones.
You see here a ball python corpse.
Ijyb zaps a wand.
The bolt of acid misses you.
You reach to attack!
You closely miss Ijyb.
Ijyb screams, "You nasty!
Big nasty!"
Ijyb hits you with a +0 dagger.
You closely miss Ijyb. You grab Ijyb. You constrict Ijyb, but do no damage.
Ijyb zaps a wand.
The bolt of acid hits you!
You hit Ijyb but do no damage. You constrict Ijyb, but do no damage.
Ijyb screams, "I no like you!"
Ijyb zaps a wand.
The bolt of acid hits you!!
Ouch! That really hurt!
* * * LOW HITPOINT WARNING * * *
Ijyb zaps a wand.
The bolt of acid hits you!
You die...

#.#. #..# #...
####..###### ###.
#.......(... ##
#........... #..........
##.##........
..........##############
......g@.†..............
##.#####.###############
#.# #.# #.# #.# #.# #.#


You could see Ijyb.

Vanquished Creatures
  Jessica (D:2)
  Terence (D:3)
  2 worms
  2 dart slugs (D:1)
  An orc (D:3)
  2 ball pythons
  An endoplasm (D:1)
  A giant cockroach (D:1)
  9 goblins
  10 hobgoblins
  A kobold (D:2)
  A quokka (D:3)
  6 bats (D:1)
  4 frilled lizards
  2 rats
44 creatures vanquished.

Notes
Turn   | Place    | Note
-------+----------+-------------------------------------------
     0 | D:1      | Maratek the Octopode Fighter began the quest for the Orb.
     0 | D:1      | Reached XP level 1. HP: 16/16 MP: 1/1
   139 | D:1      | Reached XP level 2. HP: 21/21 MP: 2/2
   307 | D:1      | Reached XP level 3. HP: 21/26 MP: 3/3
   798 | D:1      | Found a faded altar of an unknown god.
   969 | D:2      | Reached skill level 1 in Stealth
  1330 | D:2      | Noticed Jessica
  1339 | D:2      | Killed Jessica
  1340 | D:2      | Reached XP level 4. HP: 11/31 MP: 4/4
  1576 | D:2      | Found an opulent altar of Gozag.
  2017 | D:3      | Noticed Terence
  2025 | D:3      | Killed Terence
  2143 | D:3      | Noticed Ijyb
  2150 | D:3      | Killed from afar by Ijyb

Illustrated notes

Levels and vault maps discovered:
D:1:      ldierk_walled_garden, layout_basic, basic_ecumenical_altar,
          serial_corexii_hall, chequers_hall_statues_corner_a,
          chequers_hall_statues_corner_a, hangedman_decor_clover_reticule,
          serial_bayou_lake_a
D:2:      layout_basic, basic_altar, uniq_jessica
D:3:      layout_basic, mainiacjoe_overflow_surrounded_room,
          saegor_snake_ambush, uniq_ijyb, uniq_terence

Skill      XL: |  1  2  3 |
---------------+----------+-----
Stealth        | 1 |  1.9
Polearms       | 3 |  3.6
Fighting       | |  3.5
Dodging        | |  3.3
Shields        | |  3.3

Action                     |  1- 3 |  4- 6 || total
---------------------------+-------+-------++-------
  Melee: Trident           |    71 |    18 ||    89
         Constrict         |    10 |     4 ||    14
         Tentacles         |     3 |     4 ||     7
         Punch             |       |     2 ||     2
   Stab: Sleeping          |    10 |     2 ||    12
 Armour: Skin              |    21 |     6 ||    27
  Dodge: Dodged            |    21 |     3 ||    24
  Block: Buckler           |     3 |       ||     3

Table legend: (Time is in decaauts)
 A = Elapsed time spent in this place.
 B = Non-inter-level travel time spent in this place.
 C = Inter-level travel time spent in this place.
 D = Time resting spent in this place.
 E = Time spent auto-exploring this place.
 F = Levels seen in this place.
 G = Mean time per level.
                   A        B        C        D        E       F      G
               +--------+--------+--------+--------+--------+-----+--------+
         Total |   2170 |   2092 |     78 |      0 |   1771 |   3 |  723.3 |
       Dungeon |   2170 |   2092 |     78 |      0 |   1771 |   3 |  723.3 |
               +--------+--------+--------+--------+--------+-----+--------+

Top non-repeatable levels by time:
     D:2: 1033 daAuts
     D:1: 956 daAuts
     D:3: 180 daAuts
